 Dungeon Crawl Stone Soup version 0.20.1-1-g8b1a95d (webtiles) character file.

14292 rockintein the Cleaver (level 11, -2/97 HPs)
             Began as a Minotaur Berserker on July 8, 2017.
             Was an Elder of Trog.
             Slain by an orange demon (9 damage)
             ... summoned by an obsidian statue
             ... on level 11 of the Dungeon.
             The game lasted 00:35:08 (8951 turns).

rockintein the Cleaver (Minotaur Berserker)         Turns: 8951, Time: 00:35:10

Health: -2/97      AC: 19    Str: 25    XL:     11   Next: 86%
Magic:  10/10      EV:  9    Int:  4    God:    Trog [****..]
Gold:   276        SH:  0    Dex: 10    Spells: 10/10 levels left

rFire    . . .     SeeInvis +   r - +14 obsidian axe {chop, +Fly SInv *Curse} (curse)
rCold    . . .     Gourm    .   (no shield)
rNeg     . . .     Faith    .   f - +0 chain mail
rPois    +         Spirit   .   (helmet restricted)
rElec    .         Reflect  .   (no cloak)
rCorr    .         Harm     .   (no gloves)
MR       ++...                  s - +1 pair of boots
Stlth    ..........             (no amulet)
Regen    1.3/turn               b - +4 ring of protection
MPRegen  0.2/turn               i - ring of poison resistance

@: berserk cooldown, mesmerised, regenerating, slowed, very slow
A: retaliatory headbutt, horns 2
a: Berserk, Trog's Hand, Brothers in Arms, Burn Spellbooks, Renounce Religion,
Evoke Flight


You were on level 11 of the Dungeon.
You worshipped Trog.
Trog was greatly pleased with you.
You were near starving.

You visited 2 branches of the dungeon, and saw 12 of its levels.

You collected 614 gold pieces.
You spent 338 gold pieces at shops.

Inventory:

Hand Weapons
 g - a +1 war axe
 r - the cursed +14 obsidian axe (weapon) {chop, +Fly SInv *Curse}
   (You found it on level 7 of the Dungeon)

   It inflicts extra damage upon your enemies.
   It lets you see invisible.
   It lets you fly.
   It curses itself when equipped.
   It has a curse placed upon it.
 x - a +0 mace of crushing
Armour
 d - a +3 troll leather armour {Snorg}
 f - a +0 chain mail (worn)
 s - a +1 pair of boots (worn)
 w - a +0 plate armour
Jewellery
 b - a +4 ring of protection (left hand)
 i - a ring of poison resistance (right hand)
 j - an uncursed ring of ice
 k - an uncursed ring of stealth
 t - a +5 ring of dexterity {unknown}
 B - a cursed ring of teleportation
Wands
 E - a wand of flame (21/48)
Scrolls
 a - 3 scrolls of blinking
 e - 2 scrolls of fear
 q - 3 scrolls of teleportation
 y - 2 scrolls of recharging
 C - a scroll of remove curse
 D - a scroll of summoning {unknown}
Potions
 l - 3 potions of brilliance
 m - 2 potions of curing
 n - a potion of lignification
 o - 3 potions of might
 p - 4 potions of agility
 v - 2 potions of mutation
Books
 u - a book of Minor Magic

   Spells                             Type                      Level
   a - Magic Dart                     Conjuration                  1
   b - Blink                          Translocation                2
   c - Call Imp                       Summoning                    2
   d - Slow                           Hexes                        2
   e - Conjure Flame                  Conjuration/Fire             3
   f - Mephitic Cloud                 Conjuration/Poison/Air       3
   Trog disapproves of the use of such an item.
Comestibles
 c - 10 bread rations
 h - 7 fruits
 z - 8 chunks of flesh
 A - 4 meat rations


   Skills:
 + Level 9.2 Fighting
 + Level 14.9 Axes
 + Level 14.6 Armour
 - Level 2.1 Dodging


You had 10 spell levels left.
You didn't know any spells.

Dungeon Overview and Level Annotations

Branches:
Dungeon (11/15)            Temple (1/1) D:4            Lair (0/6) D:10
    Orc (0/2) D:10

Altars:
Ashenzari
Cheibriados
Dithmenos
Elyvilon
Fedhas
Gozag
Hepliaklqana
Kikubaaqudgha
Makhleb
Nemelex Xobeh
Okawaru
Qazlal
Ru
Sif Muna
Trog
Uskayaw
Vehumet
Xom
Yredelemnul
Zin
The Shining One

Shops:
D:5 *(:[[   D:9 *(

Annotations:
D:3 2 transporters
D:6 exclusion: statue
D:11 exclusion: obsidian statue


Innate Abilities, Weirdness & Mutations

You reflexively headbutt those who attack you in melee.
You have a pair of horns on your head.


Message History

Visions of slaying the obsidian statue flood into your mind.
You are no longer berserk.
You are exhausted.
You feel yourself slow down.
The obsidian statue's eyes glow briefly.
You cannot move away from the obsidian statue!
The red devil hits you but does no damage.
You writhe in agony.
* * * LOW HITPOINT WARNING * * *
The orange demon stings you.
* * * LOW HITPOINT WARNING * * *
The orange demon hits you but does no damage.
The red devil hits you but does no damage.
Your skin crawls.
You feel resistant to hostile enchantments.
You feel quite a bit more hungry.
Visions of slaying the red devil flood into your mind.
The obsidian statue's eyes glow briefly.
The orange demon stings you!
You die...

#.............
###.....########
###########..............#
#.....<............##.....
#.###4#†.................#
#.###.############.......)
#.##.####### #.#####..
#.###4##844#######.# #..
#.# #.##.@4........# #..
#.###.##[$4....).8.# #).
#.##..##...........#####)#
#4#.(.##...#######<......#
#.....###### #......)#
#####.# #####...... ###
#.###.#.).# #.....##.##
####..##.#


You could see an obsidian statue, 2 orange demons, an ice devil and a red devil.

Vanquished Creatures
  Snorg (D:10)
  Fannar (D:10)
  Erica (D:10)
  2 two-headed ogres
  3 death yaks (D:10)
  Pikel (D:5)
  A manticore (D:11)
  2 kobold demonologists (D:11)
  A troll (D:10)
  A hornet (D:8)
  6 yaks (D:10)
  A porcupine (D:10)
  2 sky beasts
  An ice beast (D:6)
  5 orc warriors
  A slave (D:5)
  3 black bears
  An eye of draining (D:10)
  2 necrophages
  A phantom (D:5)
  2 ogres (D:7)
  3 centaurs
  A crocodile (D:10)
  4 big kobolds
  5 bullfrogs
  A wyvern skeleton (D:10)
  8 killer bees
  3 wights (D:11)
  4 crimson imps
  4 hounds
  2 quasits
  2 centaur zombies
  6 jellies
  8 orc priests
  2 centaur skeletons (D:5)
  13 orc wizards
  4 bullfrog skeletons
  9 iguanas
  4 worker ants
  A hound skeleton (D:10)
  A worker ant zombie (D:6)
  10 gnolls
  11 adders
  A river rat (D:10)
  An adder zombie (D:5)
  2 adder skeletons
  4 worms
  3 dart slugs
  13 leopard geckos
  26 orcs
  5 giant cockroaches
  3 goblins
  8 hobgoblins
  22 kobolds
  A quokka (D:8)
  A ball python (D:3)
  6 bats
  4 frilled lizards
  A jackal skeleton (D:5)
  9 rats
255 creatures vanquished.

Vanquished Creatures (collateral kills)
  An ugly thing (D:10)
  A cyclops (D:9)
  An ice statue (D:11)
  2 yaks (D:10)
  2 wights (D:11)
  A crimson imp (D:11)
  An orc priest (D:10)
  An orc wizard (D:9)
  A worker ant zombie (D:11)
  A shadow imp (D:11)
  An adder zombie (D:7)
  5 orcs (D:11)
  3 kobolds
21 creatures vanquished.

Vanquished Creatures (others)
  Sigmund (D:5)
  An adder zombie (D:5)
2 creatures vanquished.

Grand Total: 278 creatures vanquished

Notes
Turn   | Place    | Note
-------+----------+-------------------------------------------
     0 | D:1      | rockintein the Minotaur Berserker began the quest for the Orb.
     0 | D:1      | Reached XP level 1. HP: 19/19 MP: 0/0
   538 | D:1      | Reached XP level 2. HP: 27/27 MP: 1/1
   821 | D:1      | Reached XP level 3. HP: 22/33 MP: 2/2
  1441 | D:2      | Found a white marble altar of Elyvilon.
  1459 | D:2      | Reached ** piety under Trog
  1982 | D:3      | Reached XP level 4. HP: 40/40 MP: 3/3
  2007 | D:3      | Found a transporter.
  2040 | D:3      | Reached skill level 5 in Axes
  2051 | D:3      | Found a faded altar of an unknown god.
  2060 | D:3      | Found a transporter.
  2258 | D:3      | Reached XP level 5. HP: 46/46 MP: 4/4
  2567 | D:4      | Found a stormy altar of Qazlal.
  2653 | D:4      | Reached skill level 5 in Armour
  3011 | D:4      | Reached XP level 6. HP: 50/52 MP: 5/5
  3109 | D:4      | Found a blossoming altar of Fedhas.
  3260 | D:4      | Found a staircase to the Ecumenical Temple.
  3317 | Temple   | Entered the Ecumenical Temple
  3468 | D:5      | Entered Level 5 of the Dungeon
  3472 | D:5      | Found Gujer's Book Shoppe.
  3481 | D:5      | Found Veusuotyext's Antique Armour Emporium.
  3519 | D:5      | Noticed a slave
  3520 | D:5      | Noticed Pikel
  3520 | D:5      | Noticed a slave
  3520 | D:5      | Noticed a slave
  3522 | D:5      | Noticed a slave
  3527 | D:5      | Killed a slave
  3527 | D:5      | Killed Pikel
  3527 | D:5      | Reached XP level 7. HP: 58/58 MP: 6/6
  3598 | D:5      | Noticed Sigmund
  3607 | D:5      | Killed Sigmund
  3641 | D:5      | Found Duduw's Antique Weapon Emporium.
  3740 | D:5      | Found Cimos's Antique Armour Boutique.
  4073 | D:5      | Reached XP level 8. HP: 66/66 MP: 7/7
  4261 | D:5      | Reached *** piety under Trog
  4263 | D:5      | Found Padov's Assorted Antiques.
  4266 | D:5      | Bought a pair of runed boots for 210 gold pieces
  4518 | D:6      | Found a radiant altar of Vehumet.
  4624 | D:6      | Reached skill level 10 in Axes
  4880 | D:6      | Found a basalt altar of Yredelemnul.
  5166 | D:7      | Found a bloodstained altar of Trog.
  5186 | D:6      | Reached skill level 10 in Armour
  5238 | D:7      | Reached XP level 9. HP: 71/71 MP: 8/8
  5298 | D:7      | Found an iron altar of Okawaru.
  5631 | D:7      | Found a sacrificial altar of Ru.
  5631 | D:7      | Found an ancient bone altar of Kikubaaqudgha.
  5781 | D:8      | Reached **** piety under Trog
  5782 | D:8      | Noticed a two-headed ogre
  5788 | D:8      | Killed a two-headed ogre
  6113 | D:8      | Reached XP level 10. HP: 70/78 MP: 9/9
  6572 | D:8      | Found a shadowy altar of Dithmenos.
  6572 | D:8      | Found a white marble altar of Elyvilon.
  6578 | D:8      | Found a hide-covered altar of Uskayaw.
  6580 | D:8      | Found a sparkling altar of Nemelex Xobeh.
  6582 | D:8      | Found a burning altar of Makhleb.
  6801 | D:9      | Found Ugeteq's Changing Room.
  6819 | D:9      | Bought a potion of mutation for 128 gold pieces
  6985 | D:9      | Found Menonnat's Antique Weapon Shop.
  7099 | D:9      | Noticed a cyclops
  7107 | D:9      | Killed a cyclops
  7262 | D:10     | Entered Level 10 of the Dungeon
  7313 | D:10     | Noticed a purple ugly thing
  7319 | D:10     | Killed a purple ugly thing
  7489 | D:10     | Noticed Erica
  7490 | D:10     | Noticed Snorg
  7499 | D:10     | Killed Erica
  7499 | D:10     | Reached skill level 5 in Fighting
  7511 | D:10     | Killed Snorg
  7514 | D:10     | Reached XP level 11. HP: 56/89 MP: 10/10
  7731 | D:10     | Noticed Fannar
  7752 | D:10     | Killed Fannar
  7957 | D:10     | Noticed a death yak
  7959 | D:10     | Noticed a death yak
  7960 | D:10     | Noticed a death yak
  7965 | D:10     | Killed a death yak
  7967 | D:10     | Killed a death yak
  7968 | D:10     | Found a staircase to the Lair.
  7972 | D:10     | Killed a death yak
  8227 | D:10     | Found a staircase to the Orcish Mines.
  8408 | D:11     | Found a deep blue altar of Sif Muna.
  8547 | D:11     | Noticed a two-headed ogre
  8558 | D:11     | Killed a two-headed ogre
  8649 | D:11     | Noticed a sixfirhy
  8925 | D:11     | Noticed an obsidian statue
  8951 | D:11     | Slain by an orange demon

Skill      XL: |  1  2  3  4  5  6  7  8  9 10 11 |
---------------+----------------------------------+-----
Axes           | 4 5 6 8 10 12 13 14 | 14.9
Armour         | 3 4 5 7 8 10 12 13 14 | 14.6
Fighting       | 6 9 |  9.2
Dodging        | |  2.1

Action                   |  1- 3 |  4- 6 |  7- 9 | 10-12 || total
-------------------------+-------+-------+-------+-------++-------
Melee: Hand axe          |    58 |       |       |       ||    58
       Headbutt          |    10 |    12 |    29 |    23 ||    74
       War axe           |    21 |    69 |   145 |       ||   235
       Broad axe         |       |       |    66 |   192 ||   258
Invok: Trog's Hand       |       |     3 |     3 |    13 ||    19
       Berserk           |       |     3 |     2 |     4 ||     9
  Use: Scroll            |     5 |     7 |     3 |     3 ||    18
       Potion            |       |       |       |     7 ||     7
 Stab: Distracted        |       |       |       |     1 ||     1
  Eat: Chunk             |     3 |     4 |    11 |    16 ||    34
       Meat ration       |       |     1 |       |       ||     1
Armor: Animal skin       |     8 |       |       |       ||     8
       Chain mail        |    31 |    46 |   130 |   117 ||   324
Dodge: Dodged            |    36 |    36 |    89 |    86 ||   247
